 Dungeon Crawl Stone Soup version 0.29-a0-506-ga2e7fffb44 (webtiles) character file.

Game seed: 13601138564710406650

21 enile the Skirmisher (level 2, 0/16 HPs)
             Began as a Vine Stalker Fighter on May 29, 2022.
             Succumbed to a kobold's poison
             ... on level 2 of the Dungeon.
             The game lasted 00:01:46 (436 turns).

enile the Skirmisher (Vine Stalker Fighter)          Turns: 436, Time: 00:01:46

Health: 0/16       AC:  7    Str: 18    XL:     2   Next: 83%
Magic:  3/3        EV:  9    Int:  8    God:
Gold:   50         SH:  4    Dex: 13    Spells: 1/1 levels left

rFire   . . .      SeeInvis .   a - +0 war axe
rCold   . . .      Faith    .   c - +0 buckler
rNeg    . . .      Spirit   +   b - +1 scale mail
rPois   .          Reflect  .   (no helmet)
rElec   .          Harm     .   (no cloak)
rCorr   .          Rampage  .   (no gloves)
Will    .....                   (no boots)
Stlth   +.........              (no amulet)
HPRegen 0.05/turn               (no ring)
MPRegen 0.08/turn               (no ring)

@: lethally poisoned (0 -> -2), flying
A: fangs 2, magic shield, antimagic bite, no potion heal 2
a: no special abilities


You were on level 2 of the Dungeon.
You visited 1 branch of the dungeon, and saw 2 of its levels.

You collected 50 gold pieces.

Inventory:

Hand Weapons
 a - a +0 war axe (weapon)
Armour
 b - a +1 scale mail (worn)
 c - a +0 buckler (worn)
Potions
 d - a potion of might
 e - a potion of flight


   Skills:
 - Level 3.0 Fighting
 - Level 1.7 Axes
 - Level 2.4 Armour
 + Level 2.1 Stealth
 - Level 3.0 Shields


You had one spell level left.
You didn't know any spells.
Your spell library was empty.

Dungeon Overview and Level Annotations

Branches:
Dungeon (1/15)

Altars:


Innate Abilities, Weirdness & Mutations

You have extremely sharp teeth.
When hurt, damage is shared between your health and your magic reserves.
Your bite disrupts and absorbs the magic of your enemies.
Potions cannot restore your health.


Message History

The kobold barely misses you.
You closely miss the kobold.
You feel very sick. The kobold hits you but does no damage.
The kobold barely misses you.
You closely miss the kobold.
* * * LOW HITPOINT WARNING * * *
You feel very sick. The kobold hits you but does no damage.
You slash the kobold!
You kill the kobold!
* * * LOW HITPOINT WARNING * * *
You feel sick.
Your Stealth skill increases to level 2!
Okay, then.
There is a lethal amount of poison in your body!
It was a potion of flight.
You feel very buoyant.
You fly up into the air.
* * * LOW HITPOINT WARNING * * *
You feel sick.
Okay, then.
As you read the scroll labelled EMOSAS UGALIG, it crumbles to dust.
It is a scroll of enchant armour.
Your +0 scale mail glows green for a moment.
* * * LOW HITPOINT WARNING * * *
You feel sick.
Unknown command.
You don't know any spells.
Press: ? - help, v - describe, . - travel, g - get item
Items here: a +0 dagger of venom; a kobold corpse.
The floor.
Sorry, you're not good enough to have a special ability.
Unknown command.
Sorry, you're not good enough to have a special ability.
Sorry, you're not good enough to have a special ability.
You aren't carrying any pieces of jewellery.
You aren't carrying any pieces of jewellery.
There is a lethal amount of poison in your body!
There is a lethal amount of poison in your body!
You die...

#.#
#####################
#..............).....
#.####.####.####.####
#.#..†.+.(#.#..' #
#.#..#.#..#.#..#
#.##+#.##+#.##'#.##+#
#....................
#.##@#.##+#.##+#.##+#
#.)#.# #.#..#.#..#
#..+.+ #.#..'.').#
####.# ##.####.####
... ........)... ###
############


There were no monsters in sight!

Vanquished Creatures
  A dart slug (D:1)
  2 bats
  3 endoplasms (D:1)
  4 goblins
  A kobold (D:2)
  3 ball pythons (D:2)
  A frilled lizard (D:1)
  2 rats (D:2)
17 creatures vanquished.

Notes
Turn   | Place    | Note
-------+----------+-------------------------------------------
     0 | D:1      | enile the Vine Stalker Fighter began the quest for the Orb.
     0 | D:1      | Reached XP level 1. HP: 11/11 MP: 2/2
    73 | D:1      | Reached XP level 2. HP: 16/16 MP: 3/3
   113 | D:1      | Reached skill level 1 in Stealth
   235 | D:1      | You fall into a shaft and drop 1 floor!
   436 | D:2      | Succumbed to a kobold's poison

Illustrated notes

Levels and vault maps discovered:
D:1:      eino_arrival_tree_alley, layout_loops_ring,
          hellmonk_ecumenical_altar_blasted, minmay_pentomino_v2
D:2:      minmay_door_path, layout_loops_ring, serial_forest,
          infiniplex_forest_corner_2, infiniplex_forest_lined_3,
          infiniplex_forest_straight_2, infiniplex_forest_end_3,
          infiniplex_forest_lined_2, infiniplex_forest_straight_2,
          infiniplex_forest_lined_room_, infiniplex_forest_corner_1,
          serial_shops, shop

Skill      XL: |  1  2 |
---------------+-------+-----
Fighting       | 3 |  3.0
Shields        | 3 |  3.0
Stealth        | 2 |  2.1
Axes           | |  1.7
Armour         | |  2.4

Action                   || total
-------------------------++-------
Melee: War axe           ||    41
       Bite              ||    11
  Use: Scroll            ||     1
       Potion            ||     1
Armor: Scale mail        ||    31
Dodge: Dodged            ||    16
Block: Buckler           ||     5

Table legend: (Time is in decaauts)
 A = Elapsed time spent in this place.
 B = Non-inter-level travel time spent in this place.
 C = Inter-level travel time spent in this place.
 D = Time resting spent in this place.
 E = Time spent auto-exploring this place.
 F = Levels seen in this place.
 G = Mean time per level.
                   A        B        C        D        E       F      G
               +--------+--------+--------+--------+--------+-----+--------+
         Total |    454 |    454 |      0 |      0 |    344 |   2 |  227.0 |
       Dungeon |    454 |    454 |      0 |      0 |    344 |   2 |  227.0 |
               +--------+--------+--------+--------+--------+-----+--------+

Top non-repeatable levels by time:
     D:1: 242 daAuts
     D:2: 211 daAuts
